Map: Lightshade LE

Players

JonSnow - Winner!

  • Race: Zerg Zerg
  • League: Grandmaster
  • Spawn Location: 11:00

Rhizer

  • Race: Protoss Protoss
  • League: Grandmaster
  • Spawn Location: 5:00

Event: DreamHack SC2 Masters 2020 Winter

VOD

Have the link to the VOD?

Description

Time

  • Played on: Oct. 17, 2020, 8:55 p.m.
  • Length: 10:13

All games in this series

Show
View Real Time Build Order
Export as new Build Order

JonSnow Zerg - Winner!

Build Orders: Hatch First 

Get SALT Encoding   

  12  0:01  Drone  
  13  0:12  Overlord  
  13  0:18  Drone  
  14  0:30  Drone x2  
  16  0:49  Hatchery  
  15  0:52  Drone  
  15  0:56  Drone  
  17  1:00  Drone  
  18  1:06  Extractor  
  18  1:08  Drone  
  18  1:18  Spawning Pool  
  18  1:21  Drone  
  18  1:29  Drone  
  19  1:38  Drone  
  20  1:49  Overlord  
  20  2:05  Queen x2  
  20  2:06  Zergling x4  
  26  2:10  Metabolic Boost  
  26  2:12  Drone  
  26  2:14  Drone  
  28  2:22  Drone x2  
  30  2:38  Hatchery  
  30  2:40  Drone x2  
  30  2:43  Drone  
  32  2:49  Drone  
  33  2:52  Queen  
  35  3:04  Overlord  
  35  3:07  Overlord  
  35  3:10  Drone  
  36  3:25  Drone x6  
  42  3:29  Overlord  
  42  3:30  Queen  
  44  3:36  Overlord  
  44  3:37  Drone  
  44  3:42  Spore Crawler  
  44  3:43  Spore Crawler  
  44  3:45  Drone  
  43  3:49  Overlord  
  43  3:51  Drone x2  
  43  3:52  Drone x2  
  43  3:55  Drone  
  48  4:06  Drone x6  
  48  4:07  Spore Crawler  
  52  4:13  Queen  
  52  4:15  Overlord  
  54  4:19  Drone x2  
  56  4:26  Drone  
  56  4:27  Drone x3  
  56  4:31  Lair  
  59  4:37  Zergling x6  
  59  4:38  Drone  
  63  4:40  Extractor  
  63  4:41  Extractor  
  63  4:44  Drone x3  
  63  4:45  Drone x2  
  66  4:50  Roach Warren  
  65  4:55  Spore Crawler  
  65  4:58  Drone x5  
  65  4:59  Evolution Chamber  
  68  5:02  Overlord  
  68  5:06  Overlord  
  68  5:11  Overlord  
  68  5:15  Drone x6  
  68  5:21  Extractor  
  73  5:22  Extractor  
  73  5:23  Extractor  
  73  5:24  Drone  
  73  5:25  Drone  
  73  5:30  Overlord, Glial Reconstitution  
  73  5:31  Hatchery  
  72  5:35  Zerg Missile Weapons Level 1  
  72  5:41  Overlord  
  71  5:44  Drone x7  
  71  5:46  Drone  
  71  5:47  Drone x2  
  71  5:48  Drone  
  71  5:49  Drone  
  83  5:53  Drone  
  84  6:00  Overlord  
  84  6:08  Drone x3  
  87  6:13  Roach  
  87  6:15  Roach  
  91  6:21  Roach x9  
  91  6:25  Drone  
  108  6:26  Evolution Chamber, Overlord  
  108  6:28  Queen  
  108  6:31  Overlord x2  
  109  6:33  Drone  
  109  6:37  Overlord  
  110  6:45  Roach x3  
  116  6:48  Drone, Extractor  
  116  6:50  Drone x5, Extractor  
  116  6:53  Zerg Ground Armor Level 1  
  116  6:54  Roach x2  
  122  6:58  Ravager  
  122  6:59  Ravager x3  
  128  7:02  Roach x3  
  142  7:08  Roach x4  
  142  7:09  Roach  
  142  7:12  Ravager  
  142  7:13  Baneling Nest, Ravager x5  
  149  7:17  Overseer  
  149  7:22  Roach x5  
  159  7:28  Overlord x2  
  158  7:30  Overlord x2  
  158  7:33  Zerg Missile Weapons Level 2  
  158  7:40  Roach  
  158  7:41  Overlord  
  153  7:52  Roach x7  
  153  7:55  Roach x6  
  177  8:06  Roach x2  
  177  8:07  Roach x6  
  177  8:09  Overlord  
  191  8:19  Centrifical Hooks  
  179  8:22  Roach x7  
  177  8:27  Roach x4  
  177  8:30  Zergling x6  
  184  8:40  Zergling x4  
  184  8:41  Zergling x8  
  182  8:45  Zergling x8  
  164  8:50  Infestation Pit  
  164  8:52  Roach x3  
  164  8:54  Drone  
  161  9:00  Drone  
  161  9:02  Drone x4  
  166  9:03  Drone  
  166  9:06  Hatchery  
  166  9:07  Drone  
  167  9:10  Overseer  
  167  9:14  Overlord x2  
  167  9:16  Zergling x8  
  171  9:21  Zergling x2  
  172  9:26  Roach x2  
  172  9:30  Roach  
  172  9:31  Roach x7  
  192  9:32  Baneling x10  
  192  9:46  Zergling x16  
  199  9:55  Zergling x2  
Show
View Real Time Build Order
Export as new Build Order

Rhizer Protoss 

Build Orders: 1 Gate Expand, Oracle Opening, Archon Immortal 

Get SALT Encoding   

  12  0:00  Probe  
  13  0:12  Probe  
  14  0:18  Pylon  
  14  0:24  Probe (Chrono Boost)  
  15  0:37  Probe (Chrono Boost)  
  15  0:38  Gateway  
  16  0:45  Probe (Chrono Boost)  
  16  0:47  Assimilator  
  17  0:51  Probe  
  18  1:03  Probe  
  19  1:15  Probe  
  19  1:16  Unknown  
  19  1:17  Unknown  
  20  1:19  Unknown  
  20  1:29  Nexus  
  20  1:35  Cybernetics Core  
  20  1:36  Probe  
  21  1:43  Assimilator  
  21  1:48  Probe  
  22  1:54  Pylon  
  22  2:00  Probe  
  23  2:10  Probe  
  23  2:15  Stalker (Chrono Boost)  
  26  2:18  Probe  
  27  2:23  Stargate  
  27  2:28  Probe  
  28  2:37  Warp Gate  
  28  2:38  Adept  
  28  2:40  Probe  
  28  2:41  Probe  
  32  2:53  Gateway, Probe x2  
  34  3:05  Probe, Oracle (Chrono Boost)  
  35  3:06  Probe  
  39  3:15  Pylon  
  39  3:17  Probe  
  39  3:18  Probe  
  41  3:26  Void Ray (Chrono Boost)  
  41  3:29  Probe  
  41  3:30  Probe  
  48  3:41  Probe  
  48  3:42  Probe  
  48  3:44  Assimilator  
  48  3:45  Pylon  
  48  3:46  Assimilator  
  49  3:53  Probe  
  49  3:54  Probe  
  51  3:59  Robotics Facility  
  51  4:05  Probe  
  51  4:06  Probe  
  53  4:17  Probe  
  54  4:29  Probe  
  54  4:30  Probe  
  54  4:31  Nexus  
  56  4:32  Pylon, Sentry x2  
  56  4:33  Pylon  
  56  4:35  Forge  
  60  4:38  Pylon  
  60  4:42  Probe x2  
  62  4:51  Observer (Chrono Boost)  
  63  4:53  Shield Battery  
  63  4:54  Probe (Chrono Boost)  
  65  5:00  Probe (Chrono Boost)  
  65  5:03  Twilight Council, Immortal (Chrono Boost)  
  65  5:04  Probe (Chrono Boost)  
  71  5:07  Protoss Ground Weapons Level 1 (Chrono Boost)  
  71  5:08  Probe (Chrono Boost)  
  71  5:09  Probe (Chrono Boost)  
  72  5:18  Probe  
  72  5:20  Probe  
  74  5:31  Probe  
  74  5:32  Probe  
  74  5:33  Gateway  
  76  5:37  Immortal (Chrono Boost)  
  76  5:42  Gateway  
  80  5:43  Probe x2  
  80  5:45  Probe  
  83  5:50  Charge  
  83  5:53  Templar Archives  
  83  5:55  Probe x2  
  85  5:57  Probe  
  86  6:07  Probe x2  
  86  6:09  Probe  
  89  6:12  Immortal (Chrono Boost)  
  89  6:14  Pylon  
  89  6:18  Assimilator, Gateway  
  93  6:22  Assimilator  
  93  6:30  Gateway  
  93  6:32  Gateway  
  93  6:33  Gateway  
  93  6:39  Gateway  
  93  6:45  Warp Prism (Chrono Boost)  
  93  6:46  High Templar x2  
  93  6:47  High Templar x2  
  101  6:51  Pylon x2  
  101  6:53  Pylon  
  103  6:55  Photon Cannon, Gateway  
  103  7:02  Archon  
  103  7:03  Archon  
  103  7:08  Probe x2  
  105  7:09  Protoss Ground Weapons Level 2 (Chrono Boost)  
  105  7:18  High Templar, Pylon  
  105  7:19  High Templar, Zealot  
  105  7:20  Zealot x2  
  115  7:26  Archon  
  115  7:28  Zealot x3  
  120  7:34  Nexus  
  120  7:36  Immortal (Chrono Boost)  
  122  7:44  Zealot x3  
  122  7:50  Zealot x3  
  132  7:55  High Templar x4  
  134  7:59  Archon x2  
  131  8:07  Zealot x3  
  131  8:08  Immortal  
  129  8:20  Zealot x3  
  99  8:34  High Templar x2  
  99  8:38  Archon  
  98  8:41  Zealot x3  
  98  8:42  Psionic Storm  
  98  8:47  Immortal (Chrono Boost)  
  94  8:50  Zealot  
  94  8:51  Zealot  
  94  8:52  Probe x2  
  94  8:55  Probe  
  93  8:59  High Templar x2  
  93  9:00  Zealot  
  99  9:06  Zealot  
  99  9:07  Zealot x4  
  99  9:08  Probe  
  110  9:12  Nexus  
  110  9:17  High Templar  
  110  9:23  Observer (Chrono Boost)  
  113  9:24  High Templar, Zealot  
  113  9:26  Pylon  
  117  9:33  High Templar, Zealot x2  
  117  9:34  Zealot  
  125  9:38  Zealot  
  127  9:46  Pylon  
  125  9:55  Zealot x6  
Tags
 
Add a new tag
Caveats
  • Supply blocks, unpowered buildings, or Contaminate may cause inaccurate times.
  • Supply counts are checked every 10 seconds.